 Dungeon Crawl Stone Soup version 0.25-a0-460-g4f2eb97ec1 (webtiles) character file.

Game seed: 15192898101395819875, levelgen mode: classic

1873331 EnegeticOcto the Hoplite (level 24, 235/235 (236) HPs)
             Began as a Minotaur Gladiator on Feb 3, 2020.
             Was an Initiate of Gozag.
             Escaped with the Orb
             ... and 3 runes!
             The game lasted 01:01:43 (52197 turns).

EnegeticOcto the Hoplite (Minotaur Gladiator)      Turns: 52197, Time: 01:01:43

HP:   235/235 (236) AC: 44    Str: 34    XL:     24   Next: 57%
MP:   26/26         EV: 21    Int: 11    God:    Gozag
Gold: 6400          SH: 30    Dex: 14    Spells: 23/23 levels left

rFire    + . .     SeeInvis .   a - +8 broad axe (flame)
rCold    . . .     Gourm    .   p - +3 large shield "Lyjoell" {rElec rCorr}
rNeg     . . .     Faith    .   B - +10 plate armour {rF+}
rPois    .         Spirit   +   K - +2 hat
rElec    +         Reflect  .   y - +2 cloak of Makhleb's Hatred {Str+5 Dex-3}
rCorr    +         Harm     .   W - +2 pair of gloves of Zemnoel {Regen+ Int+6}
MR       ++...                  S - +2 pair of boots of Beyond {rElec rCorr Dex+3}
Stlth    ..........             T - amulet of guardian spirit
HPRegen  0.89/turn              o - ring of protection from magic
MPRegen  0.20/turn              L - +4 ring of slaying

@: no status effects
A: retaliatory headbutt, horns 2
0: Orb of Zot
}: 3/15 runes: barnacled, silver, gossamer
a: Potion Petition, Call Merchant, Bribe Branch, Renounce Religion


You escaped.
You worshipped Gozag.
Gozag was greatly pleased with you.
You were not hungry.

You visited 8 branches of the dungeon, and saw 46 of its levels.
You also visited: Gauntlet and Ice Cave.

You collected 28708 gold pieces.
You spent 5498 gold pieces at shops.
You paid 16810 gold pieces to Gozag.

Inventory:

Hand Weapons
 a - a +8 broad axe of flaming (weapon)
Missiles
 d - 11 throwing nets (quivered) {!f}
Armour
 p - the +3 large shield "Lyjoell" (worn) {rElec rCorr}
   (You bought it in a shop on level 2 of the Orcish Mines)

   It insulates you from electricity.
   It provides partial protection from all sources of acid and corrosion.
   If you remove this armour, your AC will rise 0 points (44 -> 44)
 y - the +2 cloak of Makhleb's Hatred (worn) {Str+5 Dex-3}
   (You bought it in a shop on level 1 of the Depths)

   It affects your strength (+5).
   It affects your dexterity (-3).
   If you remove this armour, your AC will fall 4 points (44 -> 40)
 B - a +10 plate armour of fire resistance (worn)
 K - a +2 hat (worn)
 S - the +2 pair of boots of Beyond (worn) {rElec rCorr Dex+3}
   (You acquired it on level 6 of the Lair of Beasts)

   It affects your dexterity (+3).
   It insulates you from electricity.
   It provides partial protection from all sources of acid and corrosion.
   If you remove this armour, your AC will fall 4 points (44 -> 40)
 W - the +2 pair of gloves of Zemnoel (worn) {Regen+ Int+6}
   (You found it in a Gauntlet)

   It affects your intelligence (+6).
   It increases your rate of regeneration.
   If you remove this armour, your AC will fall 4 points (44 -> 40)
Jewellery
 c - an uncursed ring of protection from magic
 j - an uncursed ring of poison resistance
 m - a +4 ring of evasion
 o - a ring of protection from magic (left hand)
 L - a +4 ring of slaying (right hand)
 T - an amulet of guardian spirit (around neck)
 V - an uncursed ring of protection from cold
Wands
 r - a wand of clouds (5)
 u - a wand of iceblast (36)
 w - a wand of paralysis (16)
 z - a wand of acid (63)
 G - a wand of scattershot (7)
 I - a wand of polymorph (20)
 N - a wand of enslavement (21)
 O - a wand of digging (8)
 Q - a wand of disintegration (15)
Scrolls
 b - a scroll of blinking {@r4}
 f - 4 scrolls of fog {!r}
 k - 26 scrolls of teleportation {@r3 !r}
 l - 2 scrolls of holy word
 x - 13 scrolls of identify {@r1}
 F - 2 scrolls of vulnerability
 J - 5 scrolls of immolation
 P - 3 scrolls of fear {!r}
Potions
 g - 2 potions of resistance
 h - 4 potions of invisibility
 i - 10 potions of agility {@q5 !q}
 n - 8 potions of mutation
 q - 4 potions of cancellation
 s - 4 potions of brilliance
 t - 3 potions of might {@q3 !q}
 v - 8 potions of lignification {@q6}
 C - 11 potions of haste {@q4 !q}
 D - 15 potions of curing {@q1 !q}
 E - 2 potions of heal wounds {@q2 !q}
 H - 3 potions of magic
 U - 9 potions of ambrosia
 Y - 3 potions of berserk rage
Miscellaneous
 A - a lightning rod (4/4)
 R - a lamp of fire
 X - 3 sacks of spiders
 Z - 3 phantom mirrors
Comestibles
 e - 56 rations


   Skills:
 + Level 23.5 Fighting
 - Level 18.0 Axes
 - Level 2.0 Throwing
 + Level 22.9 Armour
 + Level 21.5 Dodging
 + Level 23.7 Shields
 - Level 6.0 Evocations


You had 23 spell levels left.
You didn't know any spells.
Your spell library contained the following spells:

 Spells                   Type           Power        Failure   Level  Hunger
 Apportation              Tloc           #.....       77%         1    ##.....
 Beastly Appendage        Tmut           #.....       77%         1    ##.....
 Corona                   Hex            #......      77%         1    ##.....
 Freeze                   Ice            #...         77%         1    ##.....
 Infusion                 Chrm           #...         77%         1    ##.....
 Shock                    Conj/Air       #...         77%         1    ##.....
 Summon Small Mammal      Summ           #...         77%         1    ##.....
 Blink                    Tloc           N/A          88%         2    ###....
 Call Imp                 Summ           #.......     88%         2    ###....
 Corpse Rot               Necr/Air       N/A          88%         2    ###....
 Ensorcelled Hibernation  Hex/Ice        #.....       88%         2    ###....
 Passwall                 Tmut/Erth      #.......     88%         2    ###....
 Poisonous Vapours        Pois/Air       #.....       88%         2    ###....
 Shroud of Golubria       Chrm/Tloc      #.....       88%         2    ###....
 Slow                     Hex            #.......     88%         2    ###....
 Song of Slaying          Chrm           #.......     88%         2    ###....
 Sticks to Snakes         Tmut           #.......     88%         2    ###....
 Sublimation of Blood     Necr           #.........   88%         2    ###....
 Swiftness                Chrm/Air       #.......     88%         2    ###....
 Call Canine Familiar     Summ           #.......     98%         3    ####...
 Confusing Touch          Hex            #.......     98%         3    ####...
 Conjure Flame            Conj/Fire      #.......     98%         3    ####...
 Gell's Gravitas          Tloc           #.........   98%         3    ####...
 Ignite Poison            Fire/Tmut/Pois #.......     98%         3    ####...
 Inner Flame              Hex/Fire       #.......     98%         3    ####...
 Mephitic Cloud           Conj/Pois/Air  #.......     98%         3    ####...
 Ozocubu's Armour         Chrm/Ice       #.......     98%         3    ####...
 Portal Projectile        Hex/Tloc       #.....       98%         3    ####...
 Recall                   Summ/Tloc      N/A          98%         3    ####...
 Spectral Weapon          Hex/Chrm       #.......     98%         3    ####...
 Spider Form              Tmut/Pois      #.........   98%         3    ####...
 Static Discharge         Conj/Air       #.......     98%         3    ####...
 Summon Guardian Golem    Hex/Summ       #.......     98%         3    ####...
 Vampiric Draining        Necr           #.........   98%         3    ####...
 Airstrike                Air            #.........   100%        4    #####..
 Animate Dead             Necr           N/A          100%        4    #####..
 Cause Fear               Hex            #.........   100%        4    #####..
 Hailstorm                Conj/Ice       #.......     100%        4    #####..
 Ice Form                 Ice/Tmut       #.......     100%        4    #####..
 Leda's Liquefaction      Hex/Erth       #.........   100%        4    #####..
 Olgreb's Toxic Radiance  Pois           #.......     100%        4    #####..
 Petrify                  Tmut/Erth      #.......     100%        4    #####..
 Summon Ice Beast         Ice/Summ       #.......     100%        4    #####..
 Summon Lightning Spire   Summ/Air       #.......     100%        4    #####..
 Alistair's Intoxication  Tmut/Pois      #.......     100%        5    ######.
 Blade Hands              Tmut           #.........   100%        5    ######.
 Borgnjor's Vile Clutch   Necr/Erth      #.........   100%        5    ######.
 Fireball                 Conj/Fire      #.........   100%        5    ######.
 Lightning Bolt           Conj/Air       #.........   100%        5    ######.
 Metabolic Englaciation   Hex/Ice        #.........   100%        5    ######.
 Silence                  Hex/Air        #.........   100%        5    ######.
 Summon Forest            Summ/Tloc      #.........   100%        5    ######.
 Yara's Violent Unravell  Hex/Tmut       #.........   100%        5    ######.
 Darkness                 Hex            #.........   100%        6    #######
 Death Channel            Necr           #.........   100%        6    #######
 Deflect Missiles         Chrm/Air       #.........   100%        6    #######
 Eringya's Noxious Bog    Tmut/Pois      #.........   100%        6    #######
 Freezing Cloud           Conj/Ice/Air   #.........   100%        6    #######
 Ozocubu's Refrigeration  Ice            #.........   100%        6    #######
 Shadow Creatures         Summ           N/A          100%        6    #######
 Simulacrum               Ice/Necr       #.........   100%        6    #######
 Starburst                Conj/Fire      #.........   100%        6    #######
 Ring of Flames           Chrm/Fire      #.........   100%        7    #######
 Discord                  Hex            #.........   100%        8    #######
 Disjunction              Tloc           #.........   100%        8    #######
 Ignition                 Fire           #.........   100%        8    #######
 Shatter                  Erth           #.........   100%        9    #######
 Tornado                  Air            #.........   100%        9    #######
 Passage of Golubria      Tloc           Unusable     N/A         4    N/A

Dungeon Overview and Level Annotations

Branches:
Dungeon (15/15)            Temple (0/1) D:5            Lair (6/6) D:10
 Shoals (4/4) Lair:4       Spider (4/4) Lair:3        Slime (0/5) Lair:6
    Orc (2/2) D:12            Elf (0/3) Orc:2        Vaults (5/5) D:13
  Crypt (0/3) Vaults:2     Depths (5/5) D:15            Zot (5/5) Depths:5
  IceCv (visited)         Gauntlet (visited)

Altars:
Dithmenos
Elyvilon
Gozag
Hepliaklqana
Makhleb
Nemelex Xobeh
Okawaru
Qazlal
Ru
Sif Muna
Vehumet
Wu Jian
Yredelemnul
Zin
Beogh

Shops:
D:4 =*[   D:6 *   D:9 [   D:13 (([   Orc:2 %[*%   Shoals:3 (   Shoals:4 =
Depths:1 [   Depths:5 *}[*

Portals:
Hell: Depths:2 Depths:3 Depths:4 Depths:5
Abyss: Depths:1 Depths:4
Pandemonium: Depths:3 Depths:5
Ziggurat: Depths:2

Annotations:
D:7 1 runed translucent door, 2 transporters, PeterQ's ghost, novice VSMo
Lair:2 3 runed translucent doors, Fov Ajof's ghost, journeyman HuAr
Lair:6 1 runed translucent door, 4 exclusions
Zot:3 9 runed doors


Innate Abilities, Weirdness & Mutations

You reflexively headbutt those who attack you in melee.
You have a pair of horns on your head.


Message History

You climb upwards.
There is a stone staircase leading down here.
A profane servitor comes into view. It is wielding a +2 whip.
There is a stone staircase leading up here.
You climb upwards.
Level annotation: 1 runed translucent door, 2 transporters, PeterQ's ghost, novice VSMo
There is a stone staircase leading down here.
(D) Dungeon (T) Temple (L) Lair (A) Shoals (N) Spider Nest (M) Slime Pits (O) Orcish Mines (E) Elven Halls (V) Vaults (C) Crypt (U) Depths (H) Hell (Z) Zot
Where to? (Enter - D:1 @ (x,y), ? - help)
There is a stone staircase leading up here.
You climb upwards.
There is a stone staircase leading down here.
A smoke demon comes into view.
You closely miss the smoke demon. You slice the smoke demon!!
You burn the smoke demon. You headbutt the smoke demon!
The smoke demon is almost dead.
You block the smoke demon's attack. x3
You cut the smoke demon into ribbons!!!!
You kill the smoke demon!
No target in view!
You now have 6394 gold pieces (gained 6).
(D) Dungeon (T) Temple (L) Lair (A) Shoals (N) Spider Nest (M) Slime Pits (O) Orcish Mines (E) Elven Halls (V) Vaults (C) Crypt (U) Depths (H) Hell (Z) Zot
Where to? (Enter - D:1 @ (x,y), ? - help)
You see here a +0 giant spiked club.
There is a stone staircase leading up here.
You climb upwards.
There is a stone staircase leading down here.
There is a stone staircase leading up here.
You climb upwards.
There is a stone staircase leading down here.
A toenail golem comes into view.
There is a stone staircase leading up here.
You climb upwards.
There is a stone staircase leading down here.
(D) Dungeon (T) Temple (L) Lair (A) Shoals (N) Spider Nest (M) Slime Pits (O) Orcish Mines (E) Elven Halls (V) Vaults (C) Crypt (U) Depths (H) Hell (Z) Zot
Where to? (Enter - D:1 @ (x,y), ? - help)
There is a stone staircase leading up here.
You climb upwards.
You are feeling hungry.
There is a stone staircase leading down here.
You eat one of the 57 rations.
That ration really hit the spot!
(D) Dungeon (T) Temple (L) Lair (A) Shoals (N) Spider Nest (M) Slime Pits (O) Orcish Mines (E) Elven Halls (V) Vaults (C) Crypt (U) Depths (H) Hell (Z) Zot
Where to? (Enter - D:1 @ (x,y), ? - help)
There is a stone staircase leading up here.
You climb upwards.
A pandemonium lord and an ancient lich come into view.
There is a stone staircase leading down here.
Press: ? - help, v - describe, . - travel
Here: Appelem The floor.
Really read
k - 27 scrolls of teleportation {@r3 !r}?
As you read the scroll of teleportation {@r3 !r}, it crumbles to dust.
You feel strangely unstable.
You feel the Orb delaying your translocation!
The ancient lich shouts!
The ancient lich gestures at you while chanting.
You resist with some effort.
Your surroundings suddenly seem different.
(D) Dungeon (T) Temple (L) Lair (A) Shoals (N) Spider Nest (M) Slime Pits (O) Orcish Mines (E) Elven Halls (V) Vaults (C) Crypt (U) Depths (H) Hell (Z) Zot
Where to? (Enter - D:1 @ (x,y), ? - help)
You see here 19 stones.
A tormentor comes into view.
Throwing (i - inventory)
d - 12 throwing nets (quivered)
{!f}
Press: ? - help, Shift-Dir - straight line, f - tormentor
Aim: a tormentor Really fire
d - 12 throwing nets {!f}?
You throw a throwing net {!f}.
The throwing net {!f} hits the tormentor.
The tormentor is caught in the net!
The tormentor struggles against the net.
The tormentor struggles against the net.
The tormentor struggles against the net.
The tormentor struggles against the net. x2
The tormentor struggles against the net.
The net rips apart, and the tormentor comes free!
You hit the tormentor. You burn the tormentor.
The tormentor is moderately wounded.
You block the tormentor's attack. x2
You cut the tormentor into ribbons!!! You burn the tormentor.
You kill the tormentor!
No target in view!
You now have 6400 gold pieces (gained 6).
There is a staircase leading out of the dungeon here.
You have escaped!

##################
#@................
##################
#.........(.......
#.################
#.................
##################


There were no monsters in sight!

Vanquished Creatures
  Mennas (Depths:4)
  Mara (Vaults:4)
  Boris (Depths:5)
  A Killer Klown (Zot:3)
  10 caustic shrikes
  Frederick (Vaults:4)
  Xtahua (Vaults:4)
  3 golden dragons
  Nikola (Shoals:4)
  2 bone dragons (Depths:5)
  Arachne (Spider:4)
  2 tentacled monstrosities
  Rupert (Lair:3)
  An Ice Fiend (D:11)
  Asterion (Depths:1)
  2 Orb Guardians
  5 liches
  An eldritch tentacle (Vaults:1)
  Polyphemus (Shoals:4)
  A kraken (Shoals:3)
  2 thorn hunters (Depths:2)
  Frances (D:13)
  2 ancient champions
  Gastronok (D:11)
  8 shadow dragons
  4 sphinxes
  3 tengu reavers
  A revenant (Vaults:2)
  Donald (Orc:2)
  A storm dragon (Zot:5)
  Kirke (Shoals:1)
  A draconian monk (Zot:5)
  A deep elf sorcerer (Vaults:4)
  11 frost giants
  2 iron dragons (Depths:5)
  9 fire giants
  11 vault wardens
  The ghost of Nattfarinn the Warrior, a journeyman MiFi of Okawaru (Lair:6)
  4 ghost moths
  5 emperor scorpions (Spider:4)
  3 draconian shifters
  35 very ugly things
  5 draconian stormcallers
  18 ironheart preservers
  A spriggan defender (Depths:5)
  2 green draconians
  2 war gargoyles
  6 vampire knights
  5 entropy weavers
  A black draconian (Depths:5)
  8 stone giants
  3 yellow draconians
  2 red draconians (Zot:4)
  A deep elf demonologist (Vaults:4)
  The ghost of SnubMonkey the Cleaver, a journeyman DsGl of Uskayaw (Lair:6)
  A purple draconian (Depths:5)
  16 spark wasps
  A minotaur (Gauntlet)
  An eidolon (Vaults:1)
  8 ettins
  3 merfolk javelineers
  6 great orbs of eyes
  7 merfolk impalers
  10 fire dragons
  Josephine (D:10)
  11 yaktaur captains
  18 ogre magi
  13 hydras
  A deep elf high priest (Vaults:5)
  7 vault guards
  2 spriggan air magi (Depths:2)
  4 rakshasas
  6 ice dragons
  2 catoblepae
  5 merfolk avatars
  An anaconda (Shoals:3)
  2 alligator snapping turtles (Shoals:4)
  3 merfolk aquamancers
  An anaconda (shapeshifter) (Vaults:5)
  6 centaur warriors
  6 alligators (Depths:2)
  4 satyrs
  A death knight (Vaults:3)
  A satyr (shapeshifter) (Vaults:2)
  4 tengu warriors
  53 two-headed ogres
  9 deep troll shamans
  11 deep troll earth magi
  8 death scarabs (Spider:4)
  5 orc high priests (Orc:2)
  18 death yaks
  3 vampire magi
  A shock serpent (D:13)
  A sixfirhy (D:13)
  3 deep elf knights
  2 shadow wraiths (Vaults:3)
  2 fire crabs (shapeshifter)
  3 skeletal warriors (D:12)
  An unseen horror (shapeshifter) (Vaults:4)
  23 deep trolls
  2 iron trolls
  A cherub (Depths:2)
  20 sea snakes
  2 unseen horrors (Vaults:1)
  2 flayed ghosts (Depths:4)
  13 hell knights
  A glowing orange brain (shapeshifter) (Vaults:2)
  2 swamp dragons (Depths:2)
  4 deep elf archers
  A glowing orange brain (Vaults:3)
  7 ironbrand convokers
  5 spectral wolf spiders (Spider:4)
  21 harpies
  2 wolf spider zombies
  6 wizards
  5 phantasmal warriors
  5 necromancers
  An orb spider (shapeshifter) (D:13)
  13 orc knights
  6 deep elf magi
  13 orb spiders
  15 wolf spiders
  A fire giant zombie (Depths:1)
  13 fauns
  A sphinx skeleton (Vaults:5)
  3 moths of wrath (shapeshifter)
  42 ugly things
  12 manticores
  A faun (shapeshifter) (Vaults:5)
  12 elephants
  4 moths of wrath
  6 cyclopes
  5 merfolk sirens
  2 centaur zombies
  3 black mambas
  2 naga magi (Vaults:1)
  Psyche (D:11)
  4 gargoyles
  A torpor snail (shapeshifter) (Vaults:4)
  An ice statue (IceCv)
  15 vault sentinels
  3 water nymphs
  Joseph (D:9)
  2 smoke demons
  7 spiny frogs
  2 torpor snails
  2 spectral redbacks (Spider:4)
  An orange demon (Depths:3)
  3 efreet (D:14)
  55 yaktaurs
  6 freezing wraiths
  11 komodo dragons
  2 tormentors
  6 rime drakes
  A yaktaur skeleton (Depths:1)
  2 redback zombies (Spider:4)
  14 demonic crawlers
  4 tengu conjurers
  3 meliai (D:15)
  A polar bear (shapeshifter) (Depths:1)
  30 merfolk
  6 wind drakes
  10 spectral jumping spiders (Spider:4)
  11 hornets
  41 jumping spiders
  17 polar bears
  Prince Ribbit (D:6)
  A jumping spider (shapeshifter) (Depths:4)
  6 trolls
  4 raiju (D:13)
  2 hornets (shapeshifter)
  2 spectral tarantellas (Spider:4)
  17 blink frogs
  7 dream sheep
  2 tarantella zombies (Spider:4)
  27 slime creatures
  11 snapping turtles
  A meliai zombie (D:15)
  12 hippogriffs
  A deep troll zombie (Depths:1)
  2 centaur simulacra (Gauntlet)
  Sigmund (D:2)
  3 shadows
  55 redbacks
  A redback (shapeshifter) (D:15)
  2 spriggans (Depths:5)
  A tarantella (shapeshifter) (Depths:1)
  4 wyverns
  18 tarantellas
  4 wraiths
  21 water elementals
  62 yaks
  A hog (shapeshifter) (Vaults:4)
  2 golden eyes (Vaults:1)
  3 hogs (Shoals:1)
  9 vampire mosquitoes
  3 hungry ghosts
  A steam dragon (D:12)
  A basilisk (D:14)
  A chaos spawn (Depths:3)
  A neqoxec (Depths:3)
  2 spatial vortices (Vaults:1)
  6 wargs
  3 swamp worms (Depths:2)
  A soldier ant (D:13)
  2 floating eyes
  7 hell hounds (D:15)
  8 porcupines
  3 spectral hornets (Spider:4)
  10 water moccasins
  An eye of draining (D:9)
  6 ice beasts
  3 black bears
  36 orc warriors
  4 swamp drakes
  A black bear (shapeshifter) (D:15)
  An eye of draining (shapeshifter) (Depths:3)
  4 sky beasts
  50 ogres
  2 necrophages
  A phantom (D:11)
  33 wolves
  10 boggarts
  9 crocodiles
  22 centaurs
  A crocodile (shapeshifter) (Gauntlet)
  6 big kobolds
  10 bullfrogs
  A hornet simulacrum (Gauntlet)
  8 scorpions
  A wyvern skeleton (D:10)
  9 killer bees
  15 wights
  4 howler monkeys
  An electric eel (Spider:2)
  9 crimson imps
  A yaktaur simulacrum (Vaults:1)
  2 bullfrog zombies
  7 jellies
  31 orc priests
  A bullfrog skeleton (D:5)
  A gnoll shaman (D:7)
  4 hounds
  31 orc wizards
  2 centaur skeletons (D:11)
  An iron imp (Depths:2)
  A human skeleton (D:7)
  Terence (D:3)
  Ijyb (D:3)
  Natasha (twice) (D:3)
  7 iguanas
  8 worker ants
  3 polar bear simulacra (Lair:5)
  A yak simulacrum (Lair:5)
  4 wolf simulacra (Lair:5)
  A bullfrog simulacrum (Gauntlet)
  2 hound zombies
  A hound skeleton (D:8)
  Robin (D:2)
  4 gnolls (D:7)
  10 adders
  2 shadow imps
  An ufetubus (Depths:5)
  3 adder skeletons
  An adder zombie (D:4)
  3 worms
  3 dart slugs
  5 leopard geckos
  109 orcs
  5 bats
  9 giant cockroaches
  10 goblins
  9 hobgoblins
  19 jackals
  5 quokkas
  A ball python (D:2)
  A ball python skeleton (D:5)
  8 frilled lizards
  A jackal zombie (D:5)
  16 kobolds
  10 rats
  3 river rat simulacra (Lair:5)
  5 briar patches (Depths:2)
  2 fungi
  14 plants
  3 tentacles (Shoals:3)
1969 creatures vanquished.

Vanquished Creatures (collateral kills)
  An orb of fire (Zot:5)
  2 ancient liches (Zot:5)
  5 Killer Klowns (Zot:5)
  2 electric golems (Zot:5)
  2 tentacled monstrosities (Vaults:5)
  12 Orb Guardians (Zot:5)
  A death cob (Zot:5)
  2 tengu reavers (Vaults:5)
  4 shadow dragons (Vaults:5)
  A storm dragon (Zot:5)
  A draconian monk (Zot:5)
  A fire giant (Vaults:5)
  2 frost giants (Vaults:5)
  3 vault wardens (Vaults:5)
  A draconian shifter (Zot:5)
  3 very ugly things (Vaults:5)
  2 draconian annihilators (Zot:5)
  3 ironheart preservers (Vaults:5)
  A stone giant (Vaults:5)
  A green draconian (Zot:5)
  A purple draconian (Zot:5)
  A red draconian (Zot:5)
  A white draconian (Zot:5)
  An ettin (Vaults:5)
  3 yaktaur captains (Vaults:5)
  5 vault guards (Vaults:5)
  A flayed ghost (Vaults:5)
  A shadow wraith (Vaults:5)
  A deep elf mage (Vaults:5)
  2 ironbrand convokers (Vaults:5)
  2 vault sentinels (Vaults:5)
  A wolf spider (Vaults:5)
  An ugly thing (Vaults:5)
  2 moths of wrath (Zot:5)
  A moth of wrath (shapeshifter) (Vaults:5)
  A freezing wraith (Vaults:5)
  A yaktaur (Vaults:5)
  An ettin zombie (Vaults:5)
  A frost giant simulacrum (Vaults:5)
  An orc warrior (Vaults:5)
  An orc priest (Vaults:5)
  4 orcs (Vaults:5)
84 creatures vanquished.

Vanquished Creatures (others)
  An orb of fire (Zot:5)
  Bai Suzhen (Vaults:5)
  A Killer Klown (Zot:5)
  A curse toe (Zot:5)
  A Brimstone Fiend (Zot:5)
  A tentacled monstrosity (Zot:5)
  A lich (Vaults:5)
  10 Orb Guardians (Zot:5)
  A titan (Vaults:5)
  A quicksilver dragon (Vaults:5)
  2 death cobs (Zot:5)
  2 tengu reavers (Vaults:5)
  3 sphinxes (Vaults:5)
  A draconian monk (Zot:5)
  A storm dragon (Zot:5)
  2 deep elf sorcerers (Vaults:5)
  A fire giant (Vaults:5)
  A draconian shifter (Zot:5)
  A frost giant (Vaults:5)
  5 vault wardens (Vaults:5)
  2 deep elf elementalists (Vaults:5)
  A white draconian (Zot:5)
  4 stone giants (Vaults:5)
  A draconian annihilator (Zot:5)
  2 very ugly things (Vaults:5)
  3 black draconians (Zot:5)
  A spark wasp (Depths:4)
  2 ettins (Vaults:5)
  3 deep elf death magi (Vaults:5)
  3 yaktaur captains (Vaults:5)
  20 vault guards (Vaults:5)
  A merfolk aquamancer (Shoals:4)
  A satyr (Shoals:4)
  3 dancing weapons
  An unseen horror (D:10)
  A phantasmal warrior (Vaults:5)
  4 ironbrand convokers (Vaults:5)
  A troll (Vaults:5)
  A deep elf mage (Vaults:5)
  2 necromancers
  3 orc knights (Vaults:5)
  2 moths of wrath (Zot:5)
  A shining eye (shapeshifter) (Vaults:5)
  An ugly thing (Vaults:5)
  A manticore (Shoals:3)
  6 yaktaurs (Vaults:5)
  3 vault sentinels (Vaults:5)
  A freezing wraith (Vaults:5)
  A queen bee (shapeshifter) (Vaults:5)
  2 hornets (Vaults:5)
  A raiju (shapeshifter) (Vaults:5)
  2 orc warriors (Vaults:5)
  3 boggarts
  2 orcs (Vaults:5)
  4 briar patches (Depths:2)
  22 fungi (Lair:6)
  58 plants
  6 tentacles (Shoals:3)
  6 withered plants (Lair:6)
220 creatures vanquished.

Grand Total: 2273 creatures vanquished

Notes
Turn   | Place    | Note
-------+----------+-------------------------------------------
     0 | D:1      | EnegeticOcto the Minotaur Gladiator began the quest for the
                  | Orb.
     0 | D:1      | Reached XP level 1. HP: 18/18 MP: 0/0
   402 | D:1      | Reached XP level 2. HP: 25/25 MP: 1/1
   843 | D:2      | Reached skill level 1 in Armour
   957 | D:2      | Noticed Robin
   964 | D:2      | Reached XP level 3. HP: 21/30 MP: 2/2
   966 | D:2      | Killed Robin
  1256 | D:2      | Reached XP level 4. HP: 37/38 MP: 3/3
  1483 | D:2      | Reached skill level 5 in Axes
  1613 | D:2      | Noticed Sigmund
  1630 | D:2      | Killed Sigmund
  1630 | D:2      | Reached XP level 5. HP: 10/46 MP: 4/4
  1630 | D:2      | Reached XP level 6. HP: 12/52 MP: 5/5
  2278 | D:3      | Noticed Ijyb
  2290 | D:3      | Killed Ijyb
  2316 | D:3      | Noticed Terence
  2352 | D:3      | Killed Terence
  3475 | D:3      | Noticed Natasha
  3479 | D:3      | Killed Natasha
  3479 | D:3      | Reached XP level 7. HP: 54/60 MP: 6/6
  3601 | D:3      | Noticed Natasha
  3610 | D:3      | Killed Natasha
  3705 | D:4      | Reached skill level 5 in Dodging
  3710 | D:4      | Reached skill level 5 in Fighting
  3789 | D:4      | Found Uhyxiq's Jewellery Shoppe.
  3859 | D:4      | Found a glowing silver altar of Zin.
  3861 | D:4      | Found an opulent altar of Gozag.
  3861 | D:4      | Found a radiant altar of Vehumet.
  3865 | D:4      | Found a hazy altar of Hepliaklqana.
  3865 | D:4      | Found a sacrificial altar of Ru.
  3865 | D:4      | Found a shimmering blue altar of Sif Muna.
  3866 | D:4      | Found an iron altar of Okawaru.
  3889 | D:4      | Became a worshipper of Gozag Ym Sagoz the Greedy
  3931 | D:4      | Found Gyir's Armour Shop.
  3948 | D:4      | Reached skill level 1 in Shields
  4116 | D:4      | Found Biquqet's Assorted Antiques.
  4122 | D:4      | Bought a scroll labeled VOIDAE OSUACAE for 26 gold pieces
  4122 | D:4      | Bought a scroll labeled RESKUI NALA for 26 gold pieces
  4122 | D:4      | Bought a scroll labeled VOIDAE OSUACAE for 26 gold pieces
  4122 | D:4      | Bought a scroll labeled DAIMUUQ ESHAL for 26 gold pieces
  4770 | D:5      | Entered Level 5 of the Dungeon
  4781 | D:5      | Reached XP level 8. HP: 52/69 MP: 7/7
  5143 | D:5      | Found the +7 pair of quick blades "Gyre" and "Gimble"
                  | {protect}
  5457 | D:5      | Found a staircase to the Ecumenical Temple.
  5551 | D:5      | Reached skill level 5 in Shields
  6203 | D:6      | Found a basalt altar of Yredelemnul.
  6548 | D:6      | Noticed Prince Ribbit
  6560 | D:6      | Reached XP level 9. HP: 29/78 MP: 8/8
  6565 | D:6      | Killed Prince Ribbit
  6846 | D:6      | Reached skill level 10 in Axes
  7233 | D:6      | Found Xiufehusch's Hallowed Reliquary.
  7233 | D:6      | Noticed an angel
  7235 | D:6      | Found a glowing silver altar of Zin.
  7405 | D:6      | Bought a potion of curing for 42 gold pieces
  7463 | D:6      | Found a shadowy altar of Dithmenos.
  7515 | D:6      | Found a shadowy altar of Dithmenos.
  7515 | D:6      | Found an ornate altar of the Wu Jian Council.
  7661 | D:4      | Bought a +3 plate armour of fire resistance for 495 gold
                  | pieces
  7869 | D:7      | Found a stormy altar of Qazlal.
  8576 | D:7      | Found a runed translucent door.
  8583 | D:7      | Found a basalt altar of Yredelemnul.
  8648 | D:7      | Found a transporter.
  8649 | D:7      | Noticed PeterQ's ghost (novice VSMo)
  8650 | D:7      | Identified the +12 dire flail of Luxury {vorpal, Int+5}
  8652 | D:7      | Found a transporter.
  9102 | D:4      | Bought an uncursed ring of protection from magic for 350
                  | gold pieces
  9277 | D:8      | Noticed a two-headed ogre
  9288 | D:8      | Killed a two-headed ogre
  9288 | D:8      | Reached XP level 10. HP: 52/88 MP: 9/9
  9486 | D:8      | Identified the Guide on Unholy Ice
  9732 | D:8      | Found a sparkling altar of Nemelex Xobeh.
 10212 | D:9      | Found Kegeff's Antique Armour Shoppe.
 10215 | D:9      | Bought a pair of embroidered gloves for 232 gold pieces
 10656 | D:9      | Noticed Joseph
 10684 | D:9      | Killed Joseph
 10901 | D:9      | Found a burning altar of Makhleb.
 11294 | D:9      | Reached skill level 5 in Armour
 11394 | D:10     | Entered Level 10 of the Dungeon
 11394 | D:10     | Noticed a gargoyle
 11398 | D:10     | Killed a gargoyle
 11469 | D:10     | Reached skill level 1 in Evocations
 11689 | D:10     | Noticed Josephine
 11702 | D:10     | Killed an unseen horror
 11707 | D:10     | Killed Josephine
 11707 | D:10     | Reached skill level 10 in Shields
 11707 | D:10     | Reached XP level 11. HP: 71/97 MP: 9/11
 11926 | D:10     | Noticed a three-headed hydra
 11933 | D:10     | Killed a one-headed hydra
 12108 | D:10     | Found a staircase to the Lair.
 12416 | D:11     | Found a white marble altar of Elyvilon.
 12455 | D:11     | Noticed Psyche
 12459 | D:11     | Killed Psyche
 12565 | D:11     | Reached skill level 10 in Fighting
 12719 | D:11     | Noticed a six-headed hydra
 12725 | D:11     | Killed a six-headed hydra
 12963 | D:11     | Noticed Gastronok
 13088 | D:11     | Killed Gastronok
 13088 | D:11     | Reached XP level 12. HP: 49/107 MP: 12/14
 13585 | Lair:1   | Entered Level 1 of the Lair of Beasts
 13791 | D:4      | Bought a +4 ring of slaying for 1092 gold pieces
 14411 | Lair:1   | Noticed a seven-headed hydra
 14425 | Lair:1   | Killed an 11-headed hydra
 14777 | Lair:1   | You fall into a shaft and drop 1 floor!
 14804 | Lair:2   | Noticed a seven-headed hydra
 14815 | Lair:2   | Killed a ten-headed hydra
 15283 | Lair:2   | Found a runed translucent gate.
 15284 | Lair:2   | Found a runed translucent gate.
 15285 | Lair:2   | Found a runed translucent gate.
 15299 | Lair:2   | Noticed a minotaur
 15303 | Lair:2   | Noticed Fov Ajof's ghost (journeyman HuAr)
 15676 | Lair:3   | Reached skill level 5 in Evocations
 15948 | Lair:3   | Found a hole to the Spider Nest.
 16045 | Lair:3   | Noticed Rupert
 16068 | Lair:3   | Killed Rupert
 16068 | Lair:3   | Reached skill level 15 in Axes
 16547 | Lair:4   | Noticed a catoblepas
 16553 | Lair:4   | Noticed a death yak
 16566 | Lair:4   | Killed a death yak
 16570 | Lair:4   | Reached XP level 13. HP: 90/116 MP: 16/16
 17533 | Lair:4   | Found a staircase to the Shoals.
 18695 | Lair:5   | Noticed Nessos
 18696 | Lair:5   | Noticed Nessos
 18696 | Lair:5   | Nessos changed into Nessos the glowing shapeshifter
 18697 | Lair:5   | Noticed Nessos
 18697 | Lair:5   | Nessos the glowing shapeshifter changed into Nessos the
                  | fire crab
 18702 | Lair:5   | Killed Nessos the fire crab
 19614 | Lair:6   | Entered Level 6 of the Lair of Beasts
 19737 | Lair:6   | Reached skill level 10 in Armour
 19795 | Lair:6   | Found a staircase to the Slime Pits.
 19823 | Lair:6   | Found a runed translucent gate.
 19824 | Lair:6   | Found a runed translucent gate.
 19826 | Lair:6   | Found a runed translucent gate.
 19827 | Lair:6   | Noticed SnubMonkey's ghost (journeyman DsGl)
 19827 | Lair:6   | Noticed Nattfarinn's ghost (journeyman MiFi)
 19901 | Lair:6   | Reached skill level 10 in Dodging
 19912 | Lair:6   | Reached XP level 14. HP: 122/126 MP: 17/17
 20111 | Lair:6   | Found a runed translucent door.
 20781 | Lair:6   | Killed SnubMonkey's ghost
 20807 | Lair:6   | Killed Nattfarinn's ghost
 20816 | Lair:6   | Identified a scroll of acquirement
 20817 | Lair:6   | Identified the +2 pair of boots of Beyond {rElec rCorr
                  | Dex+3} (You acquired it on level 6 of the Lair of Beasts)
 21119 | D:12     | Found a staircase to the Orcish Mines.
 21235 | D:12     | Identified the cursed +0 chain mail of Indomitability
                  | {rElec rPois rC+} (You found it on level 12 of the Dungeon)
 21812 | D:12     | Found a stormy altar of Qazlal.
 21921 | Orc:1    | Entered Level 1 of the Orcish Mines
 22077 | Orc:1    | Noticed a stone giant
 22100 | Orc:1    | Killed a stone giant
 22336 | Orc:1    | Found a roughly hewn altar of Beogh.
 22531 | Orc:1    | Found a frozen archway.
 22569 | IceCv    | Entered an ice cave
 23290 | IceCv    | Noticed a frost giant
 23302 | IceCv    | Reached XP level 15. HP: 121/136 MP: 18/18
 23311 | IceCv    | Killed a frost giant
 23369 | IceCv    | Identified the Collected Works on Venom and Good Luck
 23374 | IceCv    | Identified the +7 mace of Virivvy {speed, MP+9 Int+4
                  | Stlth+} (You found it in an ice cave)
 23690 | Orc:2    | Entered Level 2 of the Orcish Mines
 23704 | Orc:2    | Noticed Donald
 23729 | Orc:2    | Killed Donald
 23828 | Orc:2    | Found a staircase to the Elven Halls.
 24644 | Orc:2    | Found Fatin's Food Boutique.
 24647 | Orc:2    | Found Gabaquhyna's General Store.
 24648 | Orc:2    | Found Osuefagu's Food Boutique.
 24649 | Orc:2    | Found Ojoelutt's Armour Boutique.
 24655 | Orc:2    | Bought the +3 large shield "Lyjoell" {rElec rCorr} for 508
                  | gold pieces
 25108 | D:13     | Found the +8 arc blade {discharge, rElec}
 25143 | D:13     | Bought a glowing broad axe for 273 gold pieces
 25384 | D:13     | Noticed Frances
 25398 | D:13     | Killed Frances
 25860 | D:13     | Found a gate to the Vaults.
 26234 | D:14     | Found a gate leading to a gauntlet.
 26253 | Gauntlet | Entered a Gauntlet
 26253 | Gauntlet | Found a transporter.
 26264 | Gauntlet | Found a transporter.
 26274 | Gauntlet | Found a transporter.
 26274 | Gauntlet | Found a transporter.
 26283 | Gauntlet | Found a transporter.
 26299 | Gauntlet | Found a transporter.
 26309 | Gauntlet | Found a transporter.
 26312 | Gauntlet | Identified the ring of the Burgomaster {Str+5 Dex+4}
 26319 | Gauntlet | Found a transporter.
 26325 | Gauntlet | Found a transporter.
 26343 | Gauntlet | Found a transporter.
 26353 | Gauntlet | Found a transporter.
 26353 | Gauntlet | Found a transporter.
 26404 | Gauntlet | Found a transporter.
 26407 | Gauntlet | Found a runed translucent door.
 26417 | Gauntlet | Found a transporter.
 26621 | Gauntlet | Got a pair of brightly glowing gloves
 26632 | Gauntlet | Identified the +2 pair of gloves of Zemnoel {Regen+ Int+6}
                  | (You found it in a Gauntlet)
 26667 | Gauntlet | Identified the Handbook of Moulding
 26670 | Gauntlet | Identified Cauresem's Incunabulum of the Oath
 26671 | Gauntlet | Found the +3 robe of Folly {Archmagi, MR-- Int+5}
 26693 | Gauntlet | Got a smoking short sword
 27491 | D:15     | Entered Level 15 of the Dungeon
 27589 | D:15     | Identified Sif Muna's Guide on Blistering Enhancements
 27673 | D:15     | Found a staircase to the Depths.
 27673 | D:15     | Noticed a fire giant
 27793 | D:15     | Killed a fire giant
 27823 | D:15     | Reached XP level 16. HP: 86/147 MP: 11/19
 27871 | D:15     | Reached skill level 15 in Shields
 28121 | D:15     | Identified the +0 short sword of Pestilence {flame, MR+
                  | Dex+5} (You found it in a Gauntlet)
 28916 | D:4      | Bought an uncursed ring of poison resistance for 280 gold
                  | pieces
 29189 | Spider:1 | Entered Level 1 of the Spider Nest
 29289 | Spider:1 | Reached skill level 15 in Fighting
 31491 | Spider:4 | Entered Level 4 of the Spider Nest
 31545 | Spider:4 | Reached XP level 17. HP: 158/158 MP: 20/20
 31635 | Spider:4 | Noticed Arachne
 31671 | Spider:4 | Killed Arachne
 32456 | Spider:4 | Reached skill level 15 in Armour
 32916 | Spider:4 | Got a gossamer rune of Zot
 33202 | Shoals:1 | Entered Level 1 of the Shoals
 33206 | Shoals:1 | Noticed Kirke
 33217 | Shoals:1 | Killed Kirke
 33666 | Shoals:1 | Reached skill level 15 in Dodging
 34151 | Shoals:2 | Reached XP level 18. HP: 169/169 MP: 21/21
 34484 | Shoals:2 | Found a glowing silver altar of Zin.
 35076 | Shoals:3 | Found Pege's Weapon Boutique.
 35842 | Shoals:4 | Entered Level 4 of the Shoals
 36110 | Shoals:4 | Got a barnacled rune of Zot
 36220 | Shoals:4 | Noticed Polyphemus
 36238 | Shoals:4 | Killed Polyphemus
 36734 | Shoals:4 | Noticed Nikola
 36747 | Shoals:4 | Found Wohickeh's Jewellery Shoppe.
 36779 | Shoals:4 | Killed Nikola
 37262 | Vaults:1 | Entered Level 1 of the Vaults
 37593 | Vaults:1 | Identified the +9 long sword of Inference {antimagic, Str+2
                  | Int+2}
 37605 | Vaults:1 | Reached XP level 19. HP: 177/179 MP: 20/22
 37953 | Vaults:1 | Identified the Grimoire of Orientation
 37955 | Vaults:1 | Identified the +8 plate armour "Dityzxo" {Regen+ rCorr
                  | Dex-4} (You found it on level 1 of the Vaults)
 38455 | Vaults:1 | Identified Sif Muna's Papyrus of Enchantment
 39790 | Vaults:2 | Found a staircase to the Crypt.
 40554 | Vaults:3 | Reached XP level 20. HP: 191/191 MP: 23/23
 41839 | Vaults:4 | Noticed Frederick
 41851 | Vaults:4 | Killed Frederick
 42309 | Vaults:4 | Noticed Xtahua
 42322 | Vaults:4 | Killed Xtahua
 42611 | Vaults:4 | Noticed Mara
 42612 | Vaults:4 | Noticed EnegeticOcto's illusion
 42646 | Vaults:4 | Noticed EnegeticOcto's illusion
 42654 | Vaults:4 | Killed Mara
 42654 | Vaults:4 | Reached XP level 21. HP: 189/201 MP: 21/24
 43258 | Vaults:5 | Entered Level 5 of the Vaults
 43282 | Vaults:5 | Noticed a golden dragon
 43292 | Vaults:5 | Killed a golden dragon
 43393 | Vaults:5 | Identified the +8 falchion of Yesterday {vorpal, *Contam
                  | +Inv MR- Int+6}
 43686 | Vaults:5 | Got a silver rune of Zot
 43694 | Vaults:5 | Identified the Tome of Cankerous Aid
 43775 | Vaults:5 | Killed Bai Suzhen
 44131 | Vaults:5 | Identified the amulet "Doage" {+Rage rF+} (You acquired it
                  | on level 5 of the Vaults)
 44370 | Vaults:5 | Found the +5 robe of Misfortune {*Contam Harm *Corrode
                  | *Drain *Slow EV+5}
 44889 | Depths:1 | Entered Level 1 of the Depths
 44929 | Depths:1 | Found a one-way gate to the infinite horrors of the Abyss.
 45075 | Depths:1 | Noticed Asterion
 45103 | Depths:1 | Killed Asterion
 45614 | Depths:1 | Found Erpher's Antique Armour Shoppe.
 45622 | Depths:1 | Bought a heavily runed cloak for 446 gold pieces
 45622 | Depths:1 | Identified the +2 cloak of Makhleb's Hatred {Str+5 Dex-3}
                  | (You bought it in a shop on level 1 of the Depths)
 45656 | Depths:1 | You fall into a shaft and drop 1 floor!
 46195 | Depths:2 | Found a gateway to a ziggurat.
 46207 | Depths:2 | Reached XP level 22. HP: 213/213 MP: 25/25
 46825 | Depths:2 | Found a gateway to Hell.
 47222 | Depths:3 | Noticed a caustic shrike
 47224 | Depths:3 | Noticed a caustic shrike
 47224 | Depths:3 | Noticed a caustic shrike
 47224 | Depths:3 | Noticed a caustic shrike
 47225 | Depths:3 | Noticed a caustic shrike
 47244 | Depths:3 | Killed a caustic shrike
 47247 | Depths:3 | Killed a caustic shrike
 47251 | Depths:3 | Killed a caustic shrike
 47257 | Depths:3 | Killed a caustic shrike
 47262 | Depths:3 | Killed a caustic shrike
 47858 | Depths:3 | Found a one-way gate leading to the halls of Pandemonium.
 48250 | Depths:3 | Noticed a golden dragon
 48260 | Depths:3 | Killed a golden dragon
 48359 | Depths:3 | Noticed a caustic shrike
 48371 | Depths:3 | Killed a caustic shrike
 48403 | Depths:3 | Reached XP level 23. HP: 203/223 MP: 23/26
 48655 | Depths:4 | Noticed Mennas
 48783 | Depths:4 | Killed Mennas
 49689 | Depths:5 | Entered Level 5 of the Depths
 49759 | Depths:5 | Noticed Boris
 49779 | Depths:5 | Killed Boris
 49977 | Depths:5 | Noticed a caustic shrike
 49978 | Depths:5 | Noticed a caustic shrike
 49986 | Depths:5 | Killed a caustic shrike
 49986 | Depths:5 | Noticed a caustic shrike
 49992 | Depths:5 | Killed a caustic shrike
 50026 | Depths:5 | Noticed a caustic shrike
 50040 | Depths:5 | Killed a caustic shrike
 50042 | Depths:5 | Killed a caustic shrike
 50576 | Depths:5 | Reached XP level 24. HP: 234/234 MP: 26/26
 50627 | Depths:5 | Found a gate to the Realm of Zot.
 51135 | Depths:5 | Found Yleut's General Store.
 51138 | Depths:5 | Found Rossehypt's Antique Armour Emporium.
 51138 | Depths:5 | Found Lekus's Gadget Shoppe.
 51143 | Depths:5 | Found Ker Lyot's General Store.
 51152 | Depths:5 | Bought a scroll of acquirement for 676 gold pieces
 51152 | Depths:5 | Identified the amulet of Ficoc {rF- MR+ Regen+ Int+7} (You
                  | acquired it on level 5 of the Depths)
 51159 | Depths:5 | Bought a wand of acid (12) for 640 gold pieces
 51159 | Depths:5 | Bought a wand of acid (5) for 360 gold pieces
 51363 | Zot:1    | Entered Level 1 of the Realm of Zot
 51413 | Zot:3    | Noticed a Killer Klown
 51425 | Zot:3    | Found a huge runed gate.
 51425 | Zot:3    | Found a huge runed gate.
 51425 | Zot:3    | Found a huge runed gate.
 51425 | Zot:3    | Found a huge runed gate.
 51425 | Zot:3    | Found a huge runed gate.
 51426 | Zot:3    | Found a huge runed gate.
 51426 | Zot:3    | Found a huge runed gate.
 51427 | Zot:3    | Found a huge runed gate.
 51431 | Zot:3    | Killed a Killer Klown
 51432 | Zot:3    | Found a huge runed gate.
 51502 | Zot:5    | Entered Level 5 of the Realm of Zot
 51555 | Zot:5    | Noticed an orb of fire
 51555 | Zot:5    | Noticed an ancient lich
 51556 | Zot:5    | Noticed an ancient lich
 51556 | Zot:5    | Noticed a Killer Klown
 51556 | Zot:5    | Noticed an orb of fire
 51562 | Zot:5    | Noticed a Killer Klown
 51587 | Zot:5    | Noticed an orb of fire
 51590 | Zot:5    | Noticed a Killer Klown
 51590 | Zot:5    | Got the Orb of Zot
 51602 | Zot:5    | Killed a Killer Klown
 51604 | Zot:5    | Noticed a Killer Klown
 51605 | Zot:5    | Killed an orb of fire
 51606 | Zot:5    | Paralysed by the power of Zot for 5 turns
 51609 | Zot:5    | Killed a Killer Klown
 51609 | Zot:5    | Killed a Killer Klown
 51617 | Zot:5    | Killed a Killer Klown
 51620 | Zot:5    | Killed an ancient lich
 51623 | Zot:5    | Killed a Killer Klown
 51625 | Zot:5    | Noticed an ancient lich
 51674 | Zot:5    | Killed an ancient lich
 52070 | D:1      | Noticed Appelem the pandemonium lord
 52070 | D:1      | Noticed an ancient lich
 52197 | D:$      | Escaped with the Orb!

Levels and vault maps discovered:
D:1:      wheals_arrival_linesprint, layout_loops_ring, minmay_misc_feat_rows
D:2:      layout_loops_ring, first_ration, uniq_robin, uniq_sigmund
D:3:      layout_rooms, serial_co_window_serial, co_window_of_opportunity_a,
          co_window_paths_a, co_window_of_opportunity_a, co_window_paths_b,
          co_window_paths_a, co_window_paths_b, co_window_broadway_a,
          co_window_paths_c, co_window_broadway_a, co_window_unsneaky_path_d,
          co_window_corner_b, co_window_unsneaky_path_e, co_window_4corner_b,
          co_window_paths_d, glass_columns_a, glass_columns_a, uniq_ijyb,
          uniq_natasha, uniq_terence
D:4:      minmay_chambers_of_fours, layout_basic, grunt_temple_overflow_open,
          serial_shops, nicolae_shop_crystal, nicolae_shop_trees,
          nicolae_shop_competitors_out_of_business
D:5:      layout_rooms, minmay_temple_entry_statues_fountains, kennysheep_potato
D:6:      layout_loops_ring, lemuel_doored_altar,
          amethyst_overflow_temple_binary, basic_altar, nicolae_good_shop,
          uniq_prince_ribbit1
D:7:      layout_loops_ring, old_standard_altar, gammafunk_ghost_smash,
          grunt_ministairs_6, dk_yredelemnul_ordeal
D:8:      layout_loops_cross, nemelex_xobeh_ov_fountains_minmay
D:9:      layout_loops_corners, bloody_makhleb, serial_shops, kennysheep_mini,
          uniq_joseph
D:10:     layout_roguey, david_lair_shrubbed, kennysheep_path_1, hangedman_ranch
          [blue_anna_fruit_fields], uniq_josephine
D:11:     layout_small_grid, elyvilon_altar_5, uniq_gastronok, uniq_psyche
D:12:     layout_long_grid, hiddenorc1_lemuel, nicolae_qazlal_eye_of_the_storm
D:13:     minmay_shoctagon, layout_irregular_city, david_vaults_5, uniq_frances
D:14:     layout_roguey, gauntlet_entry_generic, kennysheep_another_room,
          minivault_25_ag, dk_noncrumbling_4, patterned_corridor
D:15:     grunt_enter_depths_giant_problem, layout_loops_ring,
          minmay_rotating_lava
Lair:1:   layout_small_grid, lemuel_fruit_fields
Lair:2:   layout_long_grid, maelrawn_ghost_gauntlet_escape
Lair:3:   layout_regular_city, spider_nest_entry_webs, uniq_rupert
Lair:4:   layout_cave_pods, minmay_shoals_entry_beasts, nicolae_lair_yak_garden,
          lemuel_fruit_tree, infiniplex_staircase_pool_2
Lair:5:   layout_cave_pods, eino_house_with_fridge, uniq_nessos
Lair:6:   wormcave, layout_layer_cave, guppyfry_lair_end_dragon,
          minmay_slime_entry_pillars, gammafunk_ghost_cemetery,
          fungi_pond_lemuel
Shoals:1: layout_shoals, ldierk_geyser, uniq_kirke
Shoals:2: layout_shoals, nicolae_shoals_circle_sea_wall, abandoned_shop,
          lemuel_altar_in_water2
Shoals:3: layout_shoals, serial_shops, shop_fountains
Shoals:4: shoals_end_grunt_garden, layout_shoals,
          minmay_shop_enchanted_jewellery, uniq_nikola, uniq_polyphemus
Spider:1: layout_spider_delve
Spider:2: layout_spider_delve
Spider:3: layout_spider_delve, spiders_nest_ghost_moth_duel
Spider:4: floodkiller_spider_rune_tomb, einodemon_crawler_minivault,
          uniq_arachne
Orc:1:    layout_caves, basic_altar, portal_ice_cave_entry_animals_and_master,
          serial_shops
Orc:2:    st_orc_pillars, layout_caves, uniq_donald
Vaults:1: ontoclasm_vaults_hangar, hangedman_vaults_stretched_pinwheel,
          nicolae_vaults_little_squares_1, layout_vaults_omnigrid,
          serial_hangedman_research, hangedman_research_quantum,
          hangedman_research_probablistics
Vaults:2: vaults_standard_mumra_lines, ontoclasm_vaults_chip, v_misc_33,
          v_misc_2, v_rooms_2, nicolae_vaults_yaktaur_gun_rack,
          vaults_dpeg_diagonal, nicolae_vaults_hallways_thing,
          minmay_crypt_entry_simple_plaza, st_hourglassy,
          nicolae_vaults_asterisk, nicolae_vaults_specimen_jars,
          layout_vaults_big_cross
Vaults:3: nicolae_vaults_arrows, nicolae_vaults_diagonal_hallway_9,
          nicolae_vaults_theta, vaults_standard_mumra_x, v_misc_5,
          hangedman_vaults_stretched_pinwheel, nicolae_vaults_little_squares_5,
          layout_vaults_chaotic_city
Vaults:4: v_alt_pattern_4, hangedman_vaults_stretched_pinwheel,
          ontoclasm_vaults_ring_square, v_alt_pattern_2,
          nicolae_vaults_network_barrier, v_misc_33, v_misc_26,
          hangedman_vaults_nails, ontoclasm_vaults_gallery, v_misc_24,
          nicolae_vaults_border_crossing, layout_vaults_maze_snakey,
          uniq_xtahua, uniq_frederick, uniq_mara
Vaults:5: uniq_bai_suzhen
Depths:1: layout_cave_pools, hell_entry, serial_co_window_serial,
          co_window_corner_a, co_window_paths_a, co_window_of_opportunity_a,
          co_window_paths_a, co_window_cross_1, co_window_corner_a,
          co_window_unsneaky_path_c, co_window_corner_ca, co_window_broadway_c,
          co_window_cross_4, co_window_unsneaky_path_e, glass_columns_a,
          glass_columns_b, glass_columns_b, glass_columns_b, serial_shops,
          nicolae_shop_temple_entry_statues_fountains, abyss_entry,
          kennysheep_nondescript, sword_in_stone
Depths:2: onia_ninara_swampy_vault, layout_basic, enter_ziggurat_d,
          grunt_hell_entry_dis_grunt
Depths:3: hangedman_stitches_corridor, layout_gridlike, hell_entry,
          serial_sigils_hangedman_leer, rand_demon_pan_entry_1,
          nicolae_lava_and_water, grunt_decor_mini_mirrors,
          kennysheep_inner_square
Depths:4: cross_vault, layout_cave_pools, infiniplex_staircase_pillars_3a,
          hell_entry, abyss_entry, minmay_misc_feat_enclosed, uniq_mennas
Depths:5: evilmike_zot_entry_argh, layout_basic, rand_demon_pan_entry_7,
          hell_entry, minmay_shoptagon, serial_bayou_shore_b, uniq_boris
Zot:1:    layout_gridlike, hangedman_zot_diagonal_lockstep, grunt_ministairs_2,
          st_large_dragon_hoard_3
Zot:2:    nicolae_zot_draconian_monastery, layout_onion, lemuel_elevator
Zot:3:    layout_basic, drop_trap, door_vault
Zot:4:    gammafunk_its_a_trap, layout_cathedral_of_symmetry
Zot:5:    layout_basic, st_stairs_6

Skill      XL: |  1  2  3  4  5  6  7  8  9 10 11 12 13 14 15 16 17 18 19 20 21 22 23 |
---------------+----------------------------------------------------------------------+-----
Axes           | 4 5 6 7 9 11 12 14 15 16 17 18 | 18.0
Armour         | 1 2 3 4 5 7 8 10 11 13 14 15 17 18 19 20 21 22 | 22.9
Fighting       | 3 4 5 6 8 9 10 11 12 13 14 15 17 18 19 20 21 22 23 | 23.5
Dodging        | 4 5 6 7 8 10 11 12 13 15 16 17 18 19 20 21 | 21.5
Shields        | 3 6 9 10 11 12 13 14 16 17 18 19 20 21 22 23 | 23.7
Evocations     | 1 4 5 6 |  6.0
Throwing       | |  2.0

Action                   |  1- 3 |  4- 6 |  7- 9 | 10-12 | 13-15 | 16-18 | 19-21 | 22-24 || total
-------------------------+-------+-------+-------+-------+-------+-------+-------+-------++-------
Melee: War axe           |    62 |   123 |   366 |   149 |       |       |       |       ||   700
       Headbutt          |     8 |    26 |    60 |   119 |   359 |   337 |   334 |   275 ||  1518
       Broad axe         |       |       |       |   385 |  1193 |  1306 |  1211 |   806 ||  4901
       Falchion          |       |       |       |     4 |     1 |       |       |       ||     5
Throw: Throwing net      |       |     3 |       |     2 |       |       |       |     2 ||     7
Invok: Call Merchant     |       |       |       |       |     3 |       |       |       ||     3
       Bribe Branch      |       |       |       |       |       |       |     2 |     3 ||     5
       Potion Petition   |       |       |       |       |       |       |       |     1 ||     1
Evoke: Wand              |       |       |     8 |     9 |     6 |     4 |     3 |    39 ||    69
       Lightning rod     |       |       |       |     7 |    10 |     2 |       |     4 ||    23
       Box of beasts     |       |       |       |       |       |       |     2 |       ||     2
  Use: Potion            |       |     2 |     1 |     1 |     5 |     8 |     2 |     3 ||    22
       Scroll            |       |       |    15 |    10 |    23 |    11 |    11 |    11 ||    81
 Stab: Paralysed         |       |       |     5 |     2 |       |       |       |       ||     7
       Distracted        |       |       |     2 |     2 |    16 |    13 |    18 |     8 ||    59
       Petrified         |       |       |       |     4 |     3 |       |       |       ||     7
       Petrifying        |       |       |       |     3 |       |       |       |       ||     3
       Invisible         |       |       |       |       |       |    22 |       |     3 ||    25
       Held in net/web   |       |       |       |       |       |     1 |       |     1 ||     2
       Confused          |       |       |       |       |       |       |       |     4 ||     4
  Eat: Chunk             |     1 |     7 |     2 |       |       |       |       |       ||    10
       Ration            |       |       |     5 |     8 |    11 |    10 |     9 |     6 ||    49
Armor: Leather armour    |    12 |     5 |       |       |       |       |       |       ||    17
       Chain mail        |       |    37 |   103 |       |       |       |       |       ||   140
       Scale mail        |       |     3 |       |       |       |       |       |       ||     3
       Plate armour      |       |       |    60 |   171 |   326 |   463 |   218 |   151 ||  1389
Dodge: Dodged            |    49 |    69 |   168 |   137 |   313 |   373 |   217 |   187 ||  1513
Block: Large shield      |       |       |       |   436 |   907 |  1449 |   995 |   638 ||  4425

Table legend:
 A = Non-vault XP
 B = Vault XP
 C = Vault XP percentage of total XP
 D = Non-vault monster count
 E = Vault monster count
 F = Vault count percentage of total count
                 A         B        C        D         E       F
            +---------+---------+-------+---------+---------+-------
      Total |  632749 |  437987 |  40.9 |    1369 |     653 |  32.3
            +---------+---------+-------+---------+---------+-------
        D:1 |      20 |       0 |   0.0 |      15 |       0 |   0.0
        D:2 |     145 |     254 |  63.7 |      28 |      10 |  26.3
        D:3 |     264 |     106 |  28.6 |      32 |       3 |   8.6
        D:4 |     385 |     190 |  33.0 |      15 |       3 |  16.7
        D:5 |     630 |     164 |  20.7 |      29 |       3 |   9.4
        D:6 |    1388 |     283 |  16.9 |      33 |       1 |   2.9
        D:7 |     886 |      50 |   5.3 |      24 |       2 |   7.7
        D:8 |    2213 |       0 |   0.0 |      28 |       0 |   0.0
        D:9 |    1142 |     419 |  26.8 |      19 |       1 |   5.0
       D:10 |    4701 |    4224 |  47.3 |      43 |      13 |  23.2
       D:11 |    3866 |    2595 |  40.2 |      36 |       2 |   5.3
       D:12 |    8504 |     293 |   3.3 |      35 |      17 |  32.7
       D:13 |    5883 |    6884 |  53.9 |      26 |      11 |  29.7
       D:14 |    3406 |       0 |   0.0 |      17 |       0 |   0.0
       D:15 |   18087 |   10258 |  36.2 |      42 |      18 |  30.0
     Lair:1 |    2614 |       0 |   0.0 |      12 |       0 |   0.0
     Lair:2 |    3958 |       0 |   0.0 |      15 |       0 |   0.0
     Lair:3 |    2837 |    3209 |  53.1 |       9 |       2 |  18.2
     Lair:4 |    8208 |    3176 |  27.9 |      24 |       7 |  22.6
     Lair:5 |    9168 |    1636 |  15.1 |      22 |      13 |  37.1
     Lair:6 |   15284 |    5093 |  25.0 |      48 |      13 |  21.3
   Shoals:1 |   20359 |    2599 |  11.3 |      42 |       4 |   8.7
   Shoals:2 |   11905 |       0 |   0.0 |      27 |       0 |   0.0
   Shoals:3 |   22347 |       0 |   0.0 |      39 |       0 |   0.0
   Shoals:4 |   15856 |   23845 |  60.1 |      32 |      31 |  49.2
   Spider:1 |   12645 |       0 |   0.0 |      35 |       0 |   0.0
   Spider:2 |    9024 |       0 |   0.0 |      24 |       0 |   0.0
   Spider:3 |   13916 |    2954 |  17.5 |      34 |       7 |  17.1
   Spider:4 |   13795 |   42197 |  75.4 |      38 |      77 |  67.0
      Orc:1 |    3589 |    1904 |  34.7 |      33 |       8 |  19.5
      Orc:2 |    1476 |   14230 |  90.6 |      18 |      62 |  77.5
   Vaults:1 |   27459 |   11540 |  29.6 |      52 |      18 |  25.7
   Vaults:2 |   21883 |   28068 |  56.2 |      45 |      33 |  42.3
   Vaults:3 |   23365 |   28604 |  55.0 |      35 |      40 |  53.3
   Vaults:4 |   42938 |   55456 |  56.4 |      57 |      53 |  48.2
   Vaults:5 |    8500 |   34141 |  80.1 |      27 |      43 |  61.4
   Depths:1 |   37014 |    5508 |  13.0 |      50 |       3 |   5.7
   Depths:2 |   27413 |   14748 |  35.0 |      40 |      20 |  33.3
   Depths:3 |   82008 |   41658 |  33.7 |      72 |      29 |  28.7
   Depths:4 |   62299 |   16612 |  21.1 |      60 |       7 |  10.4
   Depths:5 |   49401 |   26093 |  34.6 |      31 |      13 |  29.5
      Zot:1 |    6185 |       0 |   0.0 |       2 |       0 |   0.0
      Zot:2 |       0 |    3018 | 100.0 |       0 |       1 | 100.0
      Zot:3 |    5363 |       0 |   0.0 |       1 |       0 |   0.0
      Zot:4 |    9915 |       0 |   0.0 |       8 |       0 |   0.0
      Zot:5 |   10505 |   27055 |  72.0 |      15 |      21 |  58.3
      IceCv |       0 |   12824 | 100.0 |       0 |      52 | 100.0
   Gauntlet |       0 |    6099 | 100.0 |       0 |      12 | 100.0
            +---------+---------+-------+---------+---------+-------
